 Dungeon Crawl Stone Soup version 0.23-b1-59-g586d0d887c (webtiles) character file.

Game seed: 1821487856560159829

164 McKennaii the Ruffian (level 5, -6/40 HPs)
             Began as a Draconian Transmuter on Feb 4, 2019.
             Mangled by an orc
             ... wielding a +0 trident
              (8 damage)
             ... on level 3 of the Dungeon.
             The game lasted 00:04:50 (3054 turns).

McKennaii the Ruffian (Draconian Transmuter)        Turns: 3054, Time: 00:04:50

Health: -6/40      AC:  6    Str: 12    XL:     5   Next: 21%
Magic:  5/8        EV: 12    Int: 15    God:
Gold:   153        SH:  0    Dex: 11    Spells: 6/9 levels left

rFire    . . .     SeeInvis .     - Unarmed
rCold    . . .     Gourm    .   (no shield)
rNeg     . . .     Faith    .   (armour unavailable)
rPois    .         Spirit   .   (helmet restricted)
rElec    .         Reflect  .   (no cloak)
rCorr    .         Harm     .   o - +0 pair of gloves
MR       .....                  (no boots)
Stlth    +.........             (no amulet)
HPRegen  0.13/turn              (no ring)
MPRegen  0.11/turn              (no ring)

@: no status effects
A: unfitting armour, cold-blooded, AC +5
a: no special abilities


You were on level 3 of the Dungeon.
You were very hungry.

You visited 1 branch of the dungeon, and saw 3 of its levels.

You collected 153 gold pieces.

Inventory:

Missiles
 a - 23 arrows
Armour
 o - a +0 pair of gloves (worn)
Scrolls
 g - a scroll of immolation {unknown}
 h - 2 scrolls of fog
 i - 6 scrolls of teleportation
 j - 6 scrolls of identify
 p - a scroll of remove curse
 r - a scroll of magic mapping
Potions
 b - 3 potions of brilliance
 d - 4 potions of heal wounds {unknown}
 e - a potion of degeneration {unknown}
 f - a potion of ambrosia {unknown}
 k - a potion of might {unknown}
 l - a potion of berserk rage {unknown}
 m - a potion of curing {unknown}
 n - a potion of resistance {unknown}
 q - a potion of lignification {unknown}
Comestibles
 c - 4 rations


   Skills:
 + Level 1.4 Fighting
 + Level 2.4 Dodging
 + Level 0.2 Stealth
 + Level 4.9 Unarmed Combat
 + Level 2.6 Spellcasting
 + Level 2.4 Transmutations


You had 6 spell levels left.
You knew the following spells:

 Your Spells              Type           Power        Failure   Level  Hunger
a - Beastly Appendage     Tmut           #.....       8%          1    #......
b - Sticks to Snakes      Tmut           #.......     12%         2    ###....

Your spell library contained the following spells:

 Spells                   Type           Power        Failure   Level  Hunger
 Spider Form              Tmut/Pois      #.........   36%         3    ###....
 Ice Form                 Ice/Tmut       #.......     77%         4    #####..
 Blade Hands              Tmut           #.........   91%         5    ######.


Dungeon Overview and Level Annotations

Branches:
Dungeon (3/15)

Altars:


Innate Abilities, Weirdness & Mutations

Your plain brown scales are hard. (AC +5)
You cannot fit into any form of body armour.
You are cold-blooded and may be slowed by cold attacks.


Message History

You see here a +0 dagger.
Unknown command.
You swap places.
The orc hits you from afar with a +0 trident.
* * * LOW HITPOINT WARNING * * *
Your ball python bites the orc but does no damage.
Your ball python grabs the orc.
Your ball python constricts the orc.
Your ball python bites the orc but does no damage.
Your ball python constricts the orc.
The orc barely misses you.
Your ball python bites the orc but does no damage.
Your ball python constricts the orc.
The orc hits you from afar with a +0 trident.
* * * LOW HITPOINT WARNING * * *
Your ball python bites the orc but does no damage.
Your ball python constricts the orc.
Your ball python bites the orc but does no damage.
Your ball python constricts the orc.
The orc barely misses you.
Your ball python bites the orc.
Your ball python constricts the orc.
The orc hits you from afar with a +0 trident!
You die...

#............###
###.........>...
......<#.#.......###
########.#.......###
.........# .......
######...## ..###
#.........# .....
#.####....# ...##
#.@.....# . #.
#S##....# #.
#o##....# #.
#o###.#.# # #.#
#..... #.# .......
#.# ..#### #.# .#
#.# .


You could see 2 orcs and a friendly ball python.

Vanquished Creatures
  An orc priest (D:3)
  3 gnolls (D:3)
  2 adders (D:2)
  3 oozes
  2 worms
  A leopard gecko (D:2)
  2 orcs (D:3)
  4 giant cockroaches
  6 goblins
  5 hobgoblins
  9 jackals
  4 ball pythons
  A bat (D:1)
  6 frilled lizards
  6 kobolds
  12 rats
67 creatures vanquished.

Vanquished Creatures (collateral kills)
  A worm (D:3)
  An orc (D:3)
2 creatures vanquished.

Grand Total: 69 creatures vanquished

Notes
Turn   | Place    | Note
-------+----------+-------------------------------------------
     0 | D:1      | McKennaii the Draconian Transmuter began the quest for the
                  | Orb.
     0 | D:1      | Reached XP level 1. HP: 16/16 MP: 3/3
   618 | D:1      | Reached XP level 2. HP: 23/23 MP: 5/5
  1250 | D:2      | Reached XP level 3. HP: 23/28 MP: 4/6
  1459 | D:2      | Reached skill level 4 in Unarmed Combat
  2094 | D:2      | Reached XP level 4. HP: 35/35 MP: 7/7
  2470 | D:3      | Learned a level 2 spell: Sticks to Snakes
  3033 | D:3      | Reached XP level 5. HP: 12/40 MP: 6/8
  3051 | D:3      | HP: 2/40 [orc/+0 trident (4)]
  3054 | D:3      | Mangled by an orc

Skill      XL: |  1  2  3 |
---------------+----------+-----
Dodging        | 2 |  2.4
Unarmed Combat | 4 |  4.9
Fighting       | |  1.4
Stealth        | |  0.2
Spellcasting   | |  2.6
Transmutations | |  2.4

Action                   |  1- 3 |  4- 6 || total
-------------------------+-------+-------++-------
Melee: Unarmed           |   182 |    90 ||   272
       Tailslap          |    12 |     8 ||    20
       Headbutt          |     6 |     3 ||     9
       Punch             |     1 |       ||     1
 Cast: Beastly Appendage |     5 |     3 ||     8
       Sticks to Snakes  |       |     7 ||     7
  Use: Scroll            |     5 |       ||     5
  Eat: Chunk             |     1 |     2 ||     3
       Ration            |     1 |       ||     1
Armor: Skin              |    53 |    18 ||    71
Dodge: Dodged            |   127 |    50 ||   177
